EVO
UNIVERSITY OF ILLINOIS FIGHTING ILLINI @ WASHINGTON STATE UNIVERSITY COUGARS
12/16/2047
 
TOP OF THE 1ST
University of Illinois Fighting Illini batting - Pitching for Washington State University Cougars : RHP Ty Misner
Pitching: RHP Ty Misner
Batting: LHB Alex Ramos 0-0: Ball
1-0: Ball
2-0: Ball
3-0: Base on Balls
Batting: SHB Dan Strickland 0-0: Ball
1-0: Called Strike
1-1: Foul Ball, location: 2F
1-2: Ball
2-2: Grounds into double play, 4-6-3 (Groundball, 34S, EV 90.6 MPH)
Batting: SHB Adonis Jones 0-0: Ball
1-0: Called Strike
1-1: Ball
2-1: Called Strike
2-2: Ground out 5-3 (Groundball, 5, EV 90.6 MPH)
Top of the 1st over - 0 runs, 0 hits, 0 errors, 0 left on base; University of Illinois 0 - Washington State University 0
BOTTOM OF THE 1ST
Washington State University Cougars batting - Pitching for University of Illinois Fighting Illini : RHP Jose Ramirez
Pitching: RHP Jose Ramirez
Batting: LHB David Jackson 0-0: Foul Ball, location: 2F
0-1: Ball
1-1: Swinging Strike
1-2: SOLO HOME RUN (Flyball, 89XD, EV 108.8 MPH), Distance : 434 ft
Batting: RHB Rafael Collyer 0-0: Ball
1-0: Ball
2-0: SINGLE (Line Drive, 9S, EV 106.9 MPH)
Batting: LHB Scott Spillers 0-0: Called Strike
0-1: Called Strike
0-2: Foul Ball, location: 2F
0-2: 2-RUN HOME RUN (Flyball, 9LD, EV 91.9 MPH), Distance : 345 ft
Batting: SHB Juan Delanoval 0-0: Called Strike
0-1: Ground out 4-3 (Groundball, 4, EV 104.4 MPH)
Batting: RHB Wil Gonzales 0-0: Hit by Pitch
Batting: RHB Miguel Paredes 0-0: Ball
1-0: Ball
2-0: Swinging Strike
2-1: Foul Ball, location: 2F
2-2: Ball
3-2: Base on Balls
Wil Gonzales to second
Batting: LHB Rex Creswell 0-0: Ball
1-0: Grounds into double play, 3-6-1 (Groundball, 3, EV 101.9 MPH)
Bottom of the 1st over - 3 runs, 3 hits, 0 errors, 1 left on base; University of Illinois 0 - Washington State University 3
TOP OF THE 2ND
University of Illinois Fighting Illini batting - Pitching for Washington State University Cougars : RHP Ty Misner
Batting: RHB Caleb Dean 0-0: Ball
1-0: Foul Ball, location: 2F
1-1: Ball
2-1: Ball
3-1: Foul Ball, location: 2F
3-2: SINGLE (Flyball, 4MD, EV 91.9 MPH)
Batting: RHB Lance Borgen 0-0: Ball
1-0: Ball
2-0: Called Strike
2-1: Swinging Strike
2-2: Ball
3-2: Foul Ball, location: 2F
3-2: DOUBLE (Flyball, 7LD, EV 110.6 MPH)
Caleb Dean to third
Batting: RHB Qian Tai 0-0: Foul Ball, location: 2F
0-1: Foul Ball, location: 2F
0-2: SINGLE (Groundball, 6MD, EV 98.1 MPH)
Caleb Dean scores
Lance Borgen to third
Batting: SHB Josh Thomson 0-0: Called Strike
Qian Tai steals 2nd base
0-1: Foul Ball, location: 2F
0-2: Ball
1-2: SINGLE (Line Drive, 5D, EV 106.9 MPH)
Lance Borgen scores
Qian Tai to third
Batting: RHB Bobby Raya 0-0: Called Strike
Josh Thomson steals 2nd base
0-1: Ball
1-1: Foul Ball, location: 2F
1-2: Ball
2-2: SINGLE (Groundball, 56S, EV 68.1 MPH) (infield hit)
Qian Tai scores
Josh Thomson to third
Batting: LHB Salvador Ramos 0-0: Foul Ball, location: 2F
0-1: Foul Ball, location: 2F
0-2: Ball
1-2: Ball
2-2: Foul Ball, location: 2F
2-2: Foul Ball, location: 2F
2-2: DOUBLE (Line Drive, 8RD, EV 106.2 MPH)
Josh Thomson scores
Bobby Raya to third
Runner from 3rd tries for Home, SAFE, no throw by CF
Batting: LHB Alex Ramos 0-0: Ball
1-0: Called Strike
1-1: Ball
2-1: Called Strike
2-2: Fly out, F7 (Flyball, 7, EV 86.2 MPH)
Batting: SHB Dan Strickland 0-0: Fly out, F7 (Flyball, 78M, EV 81.9 MPH)
Batting: SHB Adonis Jones 0-0: Ball
1-0: Ball
2-0: Called Strike
2-1: Swinging Strike
2-2: Ground out U3 (Groundball, 34S, EV 87.5 MPH)
Top of the 2nd over - 5 runs, 6 hits, 0 errors, 1 left on base; University of Illinois 5 - Washington State University 3
BOTTOM OF THE 2ND
Washington State University Cougars batting - Pitching for University of Illinois Fighting Illini : RHP Jose Ramirez
Batting: RHB Joe Weber 0-0: Called Strike
0-1: Swinging Strike
0-2: Strikes out swinging
Batting: RHB Wambua Ewansiha 0-0: Ball
1-0: Called Strike
1-1: Ball
2-1: Foul Ball, location: 2F
2-2: Fly out, F7 (Flyball, 7, EV 80.6 MPH)
Batting: LHB David Jackson 0-0: Called Strike
0-1: SOLO HOME RUN (Line Drive, 9D, EV 100.6 MPH), Distance : 404 ft
Batting: RHB Rafael Collyer 0-0: Called Strike
0-1: Ball
1-1: Foul Ball, location: 2F
1-2: Ball
2-2: Foul Ball, location: 2F
2-2: Strikes out swinging
Bottom of the 2nd over - 1 run, 1 hit, 0 errors, 0 left on base; University of Illinois 5 - Washington State University 4
TOP OF THE 3RD
University of Illinois Fighting Illini batting - Pitching for Washington State University Cougars : RHP Ty Misner
Batting: RHB Caleb Dean 0-0: Called Strike
0-1: Foul Ball, location: 2F
0-2: SINGLE (Groundball, 4MD, EV 105.0 MPH)
Batting: RHB Lance Borgen 0-0: Called Strike
0-1: Foul Ball, location: 2F
0-2: Ball
1-2: Foul Ball, location: 2F
1-2: Ball
2-2: Foul Ball, location: 2F
2-2: Fly out, F9 (Flyball, 89D, EV 93.8 MPH)
Batting: RHB Qian Tai 0-0: Ball
1-0: 2-RUN HOME RUN (Flyball, 7LD, EV 91.9 MPH), Distance : 346 ft
Pitching: RHP Jim Burbidge
Batting: SHB Josh Thomson 0-0: Ball
1-0: Ball
2-0: Called Strike
2-1: Ball
3-1: Called Strike
3-2: SINGLE (Flyball, 8RS, EV 96.9 MPH)
Batting: RHB Bobby Raya 0-0: Ball
1-0: Ball
2-0: Called Strike
2-1: Ball
3-1: Base on Balls
Josh Thomson to second
Batting: LHB Salvador Ramos 0-0: Ground out 5-3 (Groundball, 56S, EV 74.4 MPH)
Josh Thomson to third
Bobby Raya to second
Batting: LHB Alex Ramos 0-0: Ball
1-0: SINGLE (Line Drive, 78M, EV 85.6 MPH)
Josh Thomson scores
Bobby Raya to third
Batting: SHB Dan Strickland 0-0: Called Strike
0-1: Called Strike
0-2: Ball
1-2: Ball
2-2: Fly out, F9 (Flyball, 89S, EV 81.2 MPH)
Top of the 3rd over - 3 runs, 4 hits, 0 errors, 2 left on base; University of Illinois 8 - Washington State University 4
BOTTOM OF THE 3RD
Washington State University Cougars batting - Pitching for University of Illinois Fighting Illini : RHP Jose Ramirez
Batting: LHB Scott Spillers 0-0: Ball
1-0: Ball
2-0: Ball
3-0: Called Strike
3-1: Foul Ball, location: 2F
3-2: SINGLE (Groundball, 4MD, EV 93.8 MPH)
Batting: SHB Juan Delanoval 0-0: Ball
1-0: Ball
2-0: Called Strike
2-1: Ball
3-1: Grounds into double play, U3-6 (Groundball, 3L, EV 100.6 MPH)
Batting: RHB Wil Gonzales 0-0: Called Strike
0-1: Ball
1-1: Called Strike
1-2: Foul Ball, location: 2F
1-2: Foul Ball, location: 2F
1-2: Ball
2-2: Ball
3-2: Foul Ball, location: 2F
3-2: Ground out 4-3 (Groundball, 4S, EV 83.1 MPH)
Bottom of the 3rd over - 0 runs, 1 hit, 0 errors, 0 left on base; University of Illinois 8 - Washington State University 4
TOP OF THE 4TH
University of Illinois Fighting Illini batting - Pitching for Washington State University Cougars : RHP Jim Burbidge
Batting: SHB Adonis Jones 0-0: Ball
1-0: Swinging Strike
1-1: Fly out, F9 (Flyball, 9, EV 74.4 MPH)
Batting: RHB Caleb Dean 0-0: Called Strike
0-1: Ball
1-1: Ball
2-1: Ball
3-1: Foul Ball, location: 2F
3-2: Base on Balls
Batting: RHB Lance Borgen 0-0: Called Strike
0-1: Ball
1-1: Swinging Strike
1-2: Fly out, F7 (Flyball, 78D, EV 95.0 MPH)
Batting: RHB Qian Tai 0-0: Called Strike
0-1: Ball
1-1: Fielders Choice at 2nd, 6-4 (Groundball, 6, EV 82.5 MPH)
Top of the 4th over - 0 runs, 0 hits, 0 errors, 1 left on base; University of Illinois 8 - Washington State University 4
BOTTOM OF THE 4TH
Washington State University Cougars batting - Pitching for University of Illinois Fighting Illini : RHP Jose Ramirez
Batting: RHB Miguel Paredes 0-0: Foul Ball, location: 2F
0-1: Swinging Strike
0-2: Foul Ball, location: 2F
0-2: SINGLE (Line Drive, 4D, EV 94.4 MPH)
Batting: LHB Rex Creswell 0-0: Called Strike
0-1: SINGLE (Groundball, 34, EV 93.8 MPH)
Miguel Paredes to second
Runner from 2nd tries for 3rd, SAFE, no throw by RF
Batting: RHB Joe Weber 0-0: Ball
1-0: DOUBLE (Line Drive, 9LS, EV 90.6 MPH)
Miguel Paredes scores
Rex Creswell to third
Batting: RHB Wambua Ewansiha 0-0: Swinging Strike
0-1: Ground out U3 (Groundball, 13, EV 85.6 MPH)
Rex Creswell scores
Joe Weber to third
Batting: LHB David Jackson 0-0: Ground out U3 (Groundball, 13, EV 88.8 MPH)
Joe Weber scores
Batting: RHB Rafael Collyer 0-0: Ball
1-0: Ball
2-0: Ball
3-0: Called Strike
3-1: Base on Balls
Pitching: RHP Josh Rayburn
Batting: LHB Scott Spillers 0-0: Ball
1-0: SINGLE (Groundball, 56D, EV 98.1 MPH)
Rafael Collyer to second
Runner from 2nd tries for 3rd, SAFE, no throw by LF
Batting: SHB Juan Delanoval 0-0: Called Strike
0-1: Ground out 4-3 (Groundball, 4, EV 81.9 MPH)
Bottom of the 4th over - 3 runs, 4 hits, 0 errors, 2 left on base; University of Illinois 8 - Washington State University 7
TOP OF THE 5TH
University of Illinois Fighting Illini batting - Pitching for Washington State University Cougars : RHP Jim Burbidge
Batting: SHB Josh Thomson 0-0: Swinging Strike
0-1: Ball
1-1: Foul Ball, location: 2F
1-2: Ball
2-2: Foul Ball, location: 2F
2-2: Strikes out swinging
Batting: RHB Bobby Raya 0-0: Swinging Strike
0-1: Foul Ball, location: 2F
0-2: Ball
1-2: Ball
2-2: Foul Ball, location: 2F
2-2: Strikes out looking
Pitching: LHP Scott Purcell
Batting: LHB Salvador Ramos 0-0: Ball
1-0: Called Strike
1-1: Foul Ball, location: 2F
1-2: Strikes out looking
Top of the 5th over - 0 runs, 0 hits, 0 errors, 0 left on base; University of Illinois 8 - Washington State University 7
BOTTOM OF THE 5TH
Washington State University Cougars batting - Pitching for University of Illinois Fighting Illini : RHP Josh Rayburn
Batting: RHB Wil Gonzales 0-0: Foul Ball, location: 2F
0-1: Ball
1-1: Ball
2-1: Swinging Strike
2-2: Foul Ball, location: 2F
2-2: Ground out 5-3 (Groundball, 56S, EV 88.8 MPH)
Batting: RHB Miguel Paredes 0-0: Ball
1-0: Called Strike
1-1: Ball
2-1: Foul Ball, location: 2F
2-2: Fly out, F8 (Flyball, 89M, EV 78.8 MPH)
Batting: LHB Rex Creswell 0-0: Called Strike
0-1: Ball
1-1: Ground out 4-3 (Groundball, 4, EV 103.8 MPH)
Bottom of the 5th over - 0 runs, 0 hits, 0 errors, 0 left on base; University of Illinois 8 - Washington State University 7
TOP OF THE 6TH
University of Illinois Fighting Illini batting - Pitching for Washington State University Cougars : LHP Scott Purcell
Batting: LHB Alex Ramos 0-0: Ground out 4-3 (Groundball, 4, EV 81.9 MPH)
Batting: SHB Dan Strickland 0-0: Foul Ball, location: 2F
0-1: Called Strike
0-2: Strikes out swinging
Batting: SHB Adonis Jones 0-0: Ball
1-0: Foul Ball, location: 2F
1-1: Ball
2-1: SINGLE (Line Drive, 78S, EV 85.6 MPH)
Batting: RHB Caleb Dean 0-0: Called Strike
0-1: Ball
1-1: Swinging Strike
1-2: Strikes out swinging
Top of the 6th over - 0 runs, 1 hit, 0 errors, 1 left on base; University of Illinois 8 - Washington State University 7
BOTTOM OF THE 6TH
Washington State University Cougars batting - Pitching for University of Illinois Fighting Illini : RHP Josh Rayburn
Batting: RHB Joe Weber 0-0: Foul Ball, location: 2F
0-1: Ball
1-1: Foul Ball, location: 2F
1-2: Strikes out swinging
Batting: RHB Wambua Ewansiha 0-0: DOUBLE (Line Drive, 7LM, EV 91.2 MPH)
Batting: LHB David Jackson 0-0: Called Strike
0-1: Ball
1-1: Fly out, F8 (Flyball, 8RD, EV 91.9 MPH)
Batting: RHB Rafael Collyer 0-0: Ground out 5-3 (Groundball, 56, EV 87.5 MPH)
Bottom of the 6th over - 0 runs, 1 hit, 0 errors, 1 left on base; University of Illinois 8 - Washington State University 7
TOP OF THE 7TH
University of Illinois Fighting Illini batting - Pitching for Washington State University Cougars : LHP Scott Purcell
Pitching: RHP Jose Flores
Batting: RHB Lance Borgen 0-0: Foul Ball, location: 2F
0-1: Ball
1-1: Foul Ball, location: 2F
1-2: Foul Ball, location: 2F
1-2: Ball
2-2: Ball
3-2: Ground out 5-3 (Groundball, 56, EV 87.5 MPH)
Batting: RHB Qian Tai 0-0: Called Strike
0-1: Ball
1-1: Foul Ball, location: 2F
1-2: Ball
2-2: Strikes out swinging
Batting: SHB Josh Thomson 0-0: Ground out 4-3 (Groundball, 4D, EV 108.1 MPH)
Top of the 7th over - 0 runs, 0 hits, 0 errors, 0 left on base; University of Illinois 8 - Washington State University 7
BOTTOM OF THE 7TH
Washington State University Cougars batting - Pitching for University of Illinois Fighting Illini : RHP Josh Rayburn
Pitching: RHP Justin Rodrigues
Batting: LHB Scott Spillers 0-0: Ball
1-0: Foul Ball, location: 2F
1-1: Swinging Strike
1-2: Ball
2-2: Ball
3-2: Ground out U3 (Groundball, 3, EV 93.1 MPH)
Batting: SHB Juan Delanoval 0-0: Called Strike
0-1: Called Strike
0-2: Ball
1-2: Ball
2-2: SINGLE (Flyball, 7LS, EV 91.9 MPH)
Batting: RHB Wil Gonzales 0-0: Ball
1-0: Ball
2-0: Called Strike
2-1: Ball
3-1: Called Strike
3-2: SINGLE (Groundball, 6S, EV 97.5 MPH)
Juan Delanoval to second
Batting: LHB Israel Ariza 0-0: Ball
1-0: Grounds into double play, 4-6-3 (Groundball, 4, EV 100.6 MPH)
Bottom of the 7th over - 0 runs, 2 hits, 0 errors, 1 left on base; University of Illinois 8 - Washington State University 7
TOP OF THE 8TH
University of Illinois Fighting Illini batting - Pitching for Washington State University Cougars : RHP Jose Flores
Batting: RHB Bobby Raya 0-0: Called Strike
0-1: SINGLE (Groundball, 23, EV 73.8 MPH) (infield hit)
Batting: LHB Salvador Ramos 0-0: Called Strike
0-1: Bunt - Flyout to 13S! F1
Batting: LHB Alex Ramos 0-0: Ball
1-0: Ball
2-0: Foul Ball, location: 2F
2-1: Ball
3-1: Base on Balls
Bobby Raya to second
Batting: SHB Dan Strickland 0-0: Called Strike
0-1: Swinging Strike
0-2: SINGLE (Flyball, 34D, EV 91.2 MPH)
Bobby Raya to third
Alex Ramos to second
Batting: SHB Adonis Jones 0-0: Called Strike
0-1: Ball
1-1: Ball
2-1: Fly out, F7 (Flyball, 78M, EV 91.9 MPH)
Runner from 3rd tags up, SCORES, throw by LF
Pitching: RHP Bob Donovan
Batting: LHB Antonio Sandoval 0-0: Called Strike
0-1: SINGLE (Groundball, 56D, EV 101.2 MPH)
Alex Ramos to third
Dan Strickland to second
Runner from 3rd tries for Home, SAFE, throw by LF to home
Batting: RHB Lance Borgen 0-0: Called Strike
0-1: Foul Ball, location: 2F
0-2: Fly out, F5 (Popup, 5F, EV 81.2 MPH)
Top of the 8th over - 2 runs, 3 hits, 0 errors, 2 left on base; University of Illinois 10 - Washington State University 7
BOTTOM OF THE 8TH
Washington State University Cougars batting - Pitching for University of Illinois Fighting Illini : RHP Justin Rodrigues
Pitching: RHP Juan Velazquez
Batting: LHB Rex Creswell 0-0: Called Strike
0-1: Ball
1-1: Ball
2-1: Fly out, F7 (Flyball, 7S, EV 76.9 MPH)
Batting: RHB Joe Weber 0-0: Ball
1-0: Fly out, F4 (Popup, 4, EV 68.8 MPH)
Batting: RHB Wambua Ewansiha 0-0: Ball
1-0: Ball
2-0: Ground out 6-3 (Groundball, 6S, EV 81.2 MPH)
Bottom of the 8th over - 0 runs, 0 hits, 0 errors, 0 left on base; University of Illinois 10 - Washington State University 7
TOP OF THE 9TH
University of Illinois Fighting Illini batting - Pitching for Washington State University Cougars : RHP Bob Donovan
Pitching: LHP Mike Ligon
Batting: RHB Qian Tai 0-0: Ball
1-0: Ball
2-0: Ball
3-0: Called Strike
3-1: Called Strike
3-2: Foul Ball, location: 2F
3-2: Ground out 5-3 (Groundball, 5L, EV 84.4 MPH)
Pitching: LHP Scott Bradley
Batting: SHB Josh Thomson 0-0: Swinging Strike
0-1: Foul Ball, location: 2F
0-2: Ball
1-2: Strikes out looking
Batting: RHB Bobby Raya 0-0: Ball
1-0: Ball
2-0: Foul Ball, location: 2F
2-1: Ball
3-1: Foul Ball, location: 2F
3-2: Ground out 5-3 (Groundball, 5S, EV 82.5 MPH)
Top of the 9th over - 0 runs, 0 hits, 0 errors, 0 left on base; University of Illinois 10 - Washington State University 7
BOTTOM OF THE 9TH
Washington State University Cougars batting - Pitching for University of Illinois Fighting Illini : RHP Juan Velazquez
Batting: LHB David Jackson 0-0: Ball
1-0: Ball
2-0: Ground out 6-3 (Groundball, 6M, EV 81.9 MPH)
Batting: RHB Rafael Collyer 0-0: Foul Ball, location: 2F
0-1: Ball
1-1: Ball
2-1: Called Strike
2-2: Strikes out looking
Batting: LHB Scott Spillers 0-0: SINGLE (Line Drive, 78S, EV 88.1 MPH)
Batting: SHB Juan Delanoval 0-0: Ground out 4-3 (Groundball, 4, EV 85.0 MPH)
Bottom of the 9th over - 0 runs, 1 hit, 0 errors, 1 left on base; University of Illinois 10 - Washington State University 7
Thursday, December 15th , 2022 - OOTP Baseball 23.9 Build 102